 Dungeon Crawl Stone Soup version 0.30-a0-852-g08b95dd62f (webtiles) character file.

Game seed: 17423559092091240349

2123 Ceno the Fighter (level 9, -2/129 HPs)
             Began as an Ogre Warper on Mar 4, 2023.
             Was a Believer of Hepliaklqana.
             Slain by a centaur warrior (5 damage)
             ... on level 7 of the Dungeon on Mar 5, 2023.
             The game lasted 00:24:12 (9872 turns).

Ceno the Fighter (Ogre Warper)                      Turns: 9872, Time: 00:24:13

Health: -2/129     AC: 24    Str: 17    XL:     9   Next: 29%
Magic:  13/15      EV:  1    Int: 18    God:    Hepliaklqana [**....]
Gold:   369        SH:  0    Dex:  8    Spells: 0/16 levels left

rFire   . . .      SeeInvis .    o - +1 flail
rCold   . . .      Faith    .    (no shield)
rNeg    + . .      Spirit   .    b - melded +0 robe
rPois   +          Reflect  .    (helmet currently unavailable)
rElec   .          Rampage  .    F - melded +0 cloak
rCorr   .          NoTele   +    (gloves unavailable)
Will    .....                    (boots unavailable)
Stlth   +                        (no amulet)
HPRegen 0.41/turn                D - ring of poison resistance
MPRegen 0.14/turn                C - ring of positive energy

@: tree-form
A: stationary, stasis, torment immunity, boosted hp, reduced essence, large,
unfitting armour, (tough skin 1)
a: Renounce Religion, Recall Ancestor, Ancestor Identity


You were on level 7 of the Dungeon.
You worshipped Hepliaklqana.
Hepliaklqana was pleased with you.
You were a tree.
You visited 2 branches of the dungeon, and saw 9 of its levels.

You collected 369 gold pieces.

Inventory:

Hand Weapons
 o - a +1 flail (weapon)
 x - a +0 giant spiked club
Missiles
 a - 11 poisoned darts
 d - 4 boomerangs of dispersal
 j - 21 stones (quivered)
 y - 2 boomerangs
Armour
 b - a +0 robe (melded)
 F - a +0 cloak (melded)
Jewellery
 C - a ring of positive energy (right branch)
 D - a ring of poison resistance (left branch)
Wands
 s - a wand of acid (28)
 z - a wand of paralysis (12)
Scrolls
 c - a scroll of blinking
 g - 2 scrolls of enchant weapon
 h - a scroll of poison
 l - 2 scrolls of fog
 p - 2 scrolls of teleportation
 q - 2 scrolls of immolation {unknown}
 r - a scroll of noise {unknown}
 u - a scroll of magic mapping {unknown}
 w - a scroll of silence {unknown}
 A - a scroll of amnesia {unknown}
 E - a scroll of enchant armour {unknown}
 G - a scroll of identify
Potions
 e - 3 potions of resistance
 k - 5 potions of curing
 m - 3 potions of attraction
 n - a potion of ambrosia
 t - a potion of haste
 v - a potion of brilliance {unknown}
 B - a potion of might {unknown}


   Skills:
 - Level 8.0 Fighting
 * Level 8.0 Maces & Flails
 - Level 1.0 Throwing
 - Level 2.1 Dodging
 + Level 4.2 Spellcasting
 + Level 5.4 Translocations


You couldn't memorise any spells.
You knew the following spells:

 Your Spells              Type           Power      Damage    Failure   Level
a - Blink                 Tloc           46%        N/A       2%          2
b - Momentum Strike       Conj/Tloc      26%        3d8       7%          2
c - Manifold Assault      Tloc           23%        N/A       16%         4
d - Vhi's Electric Charg  Tloc/Air       26%        N/A       14%         3
q - Lesser Beckoning      Tloc           46%        N/A       2%          2
w - Teleport Other        Tloc           23%        N/A       4%          3

Your spell library contained the following spells:

 Spells                   Type           Power      Damage    Failure   Level
 Ozocubu's Armour         Ice            3%         N/A       41%         3
 Arcjolt                  Conj/Air       1%         1d11      99%         5
 Metabolic Englaciation   Hex/Ice        1%         N/A       99%         5
 Simulacrum               Ice/Necr       1%         N/A       100%        6
 Maxwell's Capacitive Co  Air            1%         ∞         100%        8


Dungeon Overview and Level Annotations

Branches:
Dungeon (8/15)             Temple (1/1) D:4
   Lair: D:8-11

Altars:
Ashenzari
Cheibriados
Dithmenos
Elyvilon
Fedhas
Gozag
Hepliaklqana
Kikubaaqudgha
Nemelex Xobeh
Okawaru
Qazlal
Ru
Sif Muna
Uskayaw
Vehumet
Wu Jian
Xom
Yredelemnul
Zin

Shops:
D:4 =   D:7 =:

Annotations:
D:2 exclusion: adder, Sigmund
D:3 2 transporters, hgbash's ghost, amateur DECj
D:5 Pikel
D:7 3 runed translucent doors, qeuew's ghost, novice DEAE


Innate Abilities, Weirdness & Mutations

You are a tree.
Your roots penetrate the ground, keeping you stationary.
You cannot be teleported.
You are immune to unholy pain and torment.
Your maximum health is greatly increased.
Your equipment is partially melded.
Your life essence is reduced to manifest your ancestor. (-10% HP)
You are too large for most types of armour.
((You have tough skin. (AC +1)))


Message History

The centaur warrior kicks you but does no damage.
You hit the centaur warrior.
The centaur warrior is severely wounded.
The centaur warrior hits you.
* * * LOW HITPOINT WARNING * * *
The centaur warrior kicks you but does no damage.
You hit the centaur warrior.
The centaur warrior is severely wounded.
The centaur warrior hits you but does no damage.
The centaur warrior kicks you but does no damage.
The centaur warrior completely misses you.
The centaur warrior kicks you but does no damage.
You sock the centaur warrior!
The centaur warrior is almost dead.
The centaur warrior barely misses you.
The centaur warrior kicks you but does no damage.
You hit the centaur warrior.
The centaur warrior is almost dead.
The centaur warrior hits you.
* * * LOW HITPOINT WARNING * * *
The centaur warrior kicks you but does no damage.
The centaur warrior hits you.
* * * LOW HITPOINT WARNING * * *
The centaur warrior completely misses you.
You barely miss the centaur warrior.
The centaur warrior is almost dead.
The centaur warrior hits you!
* * * LOW HITPOINT WARNING * * *
The centaur warrior kicks you.
* * * LOW HITPOINT WARNING * * *
You closely miss the centaur warrior.
The centaur warrior is almost dead.
The centaur warrior hits you but does no damage.
The centaur warrior kicks you but does no damage.
The centaur warrior hits you but does no damage.
The centaur warrior kicks you but does no damage.
You closely miss the centaur warrior.
The centaur warrior is almost dead.
The centaur warrior hits you.
You die...

.# ##### ♣P.♣ ####.=≈§ .#
##.# ##.##..§≈ .#
#.#######.#.#...§ .#
#........###..#.. .# #######
#....#.##.#R#.#.. .# #.....#
##.##..<###....... .#
##.#.#.####.................
.#
#............#############.#
.# ##...#.....♣.).......#
###.# .#
#..#######c########.# #...#
#### #..# #F# #.# #.###
...####.># #.# #.# #.#
#........# #.# #.# #.#
#..####.## #>## #.# #.# ...#
#.########..# #.# #.#
...####.......###.## #.# #.#
....♣~~....#~~♣~♣..##
#.###.###


You could see a centaur warrior and a bullfrog.

Vanquished Creatures
  2 ogres
  2 phantoms
  A bullfrog (D:7)
  4 scorpions
  3 hounds
  A jelly (D:6)
  An orc priest (D:5)
  3 iguanas
  An orc wizard (D:5)
  6 gnolls
  6 adders
  A shadow imp (D:7)
  4 dart slugs
  4 orcs
  3 ball pythons
  3 endoplasms
  3 giant cockroaches (D:3)
  6 goblins
  6 hobgoblins
  4 jackals (D:1)
  2 kobolds
  3 quokkas
  3 bats
  A frilled lizard (D:1)
  4 rats
77 creatures vanquished.

Vanquished Creatures (collateral kills)
  Prince Ribbit (D:7)
  A lemure (D:5)
  A phantom (D:6)
  7 bullfrogs
  3 electric eels (D:7)
  4 howler monkeys
  A hound (D:5)
  A sleepcap (D:7)
  2 iguanas (D:6)
  2 orcs
23 creatures vanquished.

Vanquished Creatures (others)
  2 hexers
  3 ancestors
  13 plants (D:7)
18 creatures vanquished.

Grand Total: 118 creatures vanquished

Notes
Turn   | Place    | Note
-------+----------+-------------------------------------------
     0 | D:1      | Ceno the Ogre Warper began the quest for the Orb.
     0 | D:1      | Reached XP level 1. HP: 22/22 MP: 3/3
   272 | D:1      | Reached XP level 2. HP: 29/29 MP: 5/5
   885 | D:1      | Learned a level 2 spell: Blink
   994 | D:2      | Reached XP level 3. HP: 36/37 MP: 7/7
  1030 | D:2      | Learned a level 2 spell: Lesser Beckoning
  1431 | D:2      | Learned a level 3 spell: Teleport Other
  1557 | D:2      | Noticed Sigmund
  1906 | D:3      | Found a transporter.
  1925 | D:3      | Noticed hgbash's ghost (amateur DECj)
  1955 | D:3      | Found a transporter.
  2087 | D:3      | Reached XP level 4. HP: 45/45 MP: 8/8
  2090 | D:3      | Learned a level 2 spell: Momentum Strike
  3049 | D:4      | Found a staircase to the Ecumenical Temple.
  3062 | Temple   | Entered the Ecumenical Temple
  3364 | Temple   | Became a worshipper of Hepliaklqana the Forgotten
  3570 | D:4      | Noticed a scorpion
  3574 | D:4      | Killed a scorpion
  3575 | D:4      | Reached XP level 5. HP: 54/54 MP: 7/10
  3627 | D:4      | Noticed a phantom
  4525 | D:4      | Reached XP level 6. HP: 22/63 MP: 5/11
  4889 | D:4      | Found Qiameur's Jewellery Emporium.
  4990 | D:5      | Entered Level 5 of the Dungeon
  5439 | D:5      | Reached skill level 5 in Fighting
  5701 | D:5      | Reached XP level 7. HP: 60/72 MP: 11/13
  5821 | D:5      | Reached * piety under Hepliaklqana
  6095 | D:5      | Reached skill level 5 in Maces & Flails
  6178 | D:5      | Noticed Pikel
  6453 | D:6      | Learned a level 3 spell: Vhi's Electric Charge
  6815 | D:6      | Reached XP level 8. HP: 11/74 MP: 5/14
  7117 | D:6      | Found a basalt altar of Yredelemnul.
  7179 | D:6      | Found a white marble altar of Elyvilon.
  7580 | D:6      | Reached ** piety under Hepliaklqana
  7581 | D:6      | Remembered your ancestor Ferran as a hexer
  8201 | D:7      | Noticed Prince Ribbit
  8214 | D:7      | Killed Prince Ribbit
  8504 | D:7      | Reached skill level 5 in Translocations
  8504 | D:7      | Reached XP level 9. HP: 84/84 MP: 8/15
  8556 | D:7      | Learned a level 4 spell: Manifold Assault
  8562 | D:7      | Found Yrghuri's Jewellery Emporium.
  9093 | D:7      | Found Fitaotif's Vocational Training.
  9202 | D:7      | Found a runed translucent gate.
  9203 | D:7      | Found a runed translucent gate.
  9204 | D:7      | Found a runed translucent gate.
  9204 | D:7      | Noticed a spectral unseen horror
  9205 | D:7      | Noticed qeuew's ghost (novice DEAE)
  9276 | D:7      | Found a snail-covered altar of Cheibriados.
  9719 | D:8      | Noticed a centaur warrior
  9859 | D:7      | HP: 2/86 [centaur warrior (12)]
  9870 | D:7      | HP: 4/129 [centaur warrior (10)]
  9872 | D:7      | Slain by a centaur warrior

Illustrated notes

Levels and vault maps discovered:
D:1:      heliophobic_arrival_henge, layout_basic, st_stairs_11
D:2:      layout_rooms, uniq_sigmund
D:3:      layout_loops_ring, gammafunk_ghost_arena, grunt_decor_arrowhead
D:4:      layout_loops_corners, minmay_temple_entry_drinking_statues,
          serial_shops, nicolae_shop_window_shopping
D:5:      layout_cave_pods, patterned_corridor, uniq_pikel
D:6:      layout_gridville, kennysheep_ying_yang
D:7:      layout_loops_ring, mainiacjoe_overflow_catwalk,
          gammafunk_ghost_necromancy, serial_bayou, serial_bayou_shore_a,
          serial_bayou_crossing, serial_bayou_pond_e, serial_bayou_lagoon_b,
          serial_shops, nicolae_shop_stone, nicolae_shop_vocational,
          uniq_prince_ribbit1
D:8:      layout_cave_pools, mainiacjoe_overflow_six_doors_small, serial_shops,
          shop
Temple:   minmay_temple_bridge_d

Skill      XL: |  1  2  3  4  5  6  7  8  9 |
---------------+----------------------------+-----
Maces & Flails | 2 3 4 5 7 8 |  8.0
Fighting       | 3 4 5 6 7 8 |  8.0
Spellcasting   | 3 4 |  4.2
Translocations | 3 5 |  5.4
Throwing       | |  1.0
Dodging        | |  2.1

Action                     |  1- 3 |  4- 6 |  7- 9 || total
---------------------------+-------+-------+-------++-------
  Melee: Mace              |    57 |       |       ||    57
         Punch             |     2 |     1 |     1 ||     4
         Flail             |    56 |    80 |   127 ||   263
  Throw: Boomerang         |     3 |       |       ||     3
         Dart              |       |     5 |       ||     5
         Stone             |       |     2 |     2 ||     4
   Cast: Lesser Beckoning  |     5 |     2 |     9 ||    16
         Blink             |     1 |     4 |     5 ||    10
         Momentum Strike   |       |    25 |    18 ||    43
         Teleport Other    |       |     5 |     2 ||     7
         Vhi's Electric Ch |       |       |     9 ||     9
         Manifold Assault  |       |       |     2 ||     2
 Invoke: Ancestor Life: He |       |       |     1 ||     1
    Use: Scroll            |       |     8 |     2 ||    10
         Potion            |       |       |     3 ||     3
   Stab: Confused          |       |       |     2 ||     2
 Armour: Robe              |    44 |    14 |    21 ||    79
         Skin              |       |       |    21 ||    21
  Dodge: Dodged            |    62 |    34 |    66 ||   162

Table legend: (Time is in decaauts)
 A = Elapsed time spent in this place.
 B = Non-inter-level travel time spent in this place.
 C = Inter-level travel time spent in this place.
 D = Time resting spent in this place.
 E = Time spent auto-exploring this place.
 F = Levels seen in this place.
 G = Mean time per level.
                   A        B        C        D        E       F      G
               +--------+--------+--------+--------+--------+-----+--------+
         Total |   9934 |   9469 |    465 |   2993 |   4398 |   9 | 1103.8 |
       Dungeon |   9378 |   8985 |    393 |   2815 |   4185 |   8 | 1172.2 |
        Temple |    556 |    484 |     72 |    178 |    213 |   1 |  556.0 |
               +--------+--------+--------+--------+--------+-----+--------+

Top non-repeatable levels by time:
     D:7: 1800 daAuts
     D:4: 1723 daAuts
     D:6: 1653 daAuts
     D:1: 1279 daAuts
     D:3: 1252 daAuts
     D:5: 1214 daAuts
  Temple: 556 daAuts
     D:2: 419 daAuts
     D:8: 35 daAuts
